 Dungeon Crawl Stone Soup version 0.24-a0-235-g3f03afcf10 (webtiles) character file.

Game seed: 2121071230331911061

56 MrRokkomies the Sneak (level 3, -6/16 HPs)
             Began as a Spriggan Enchanter on Apr 9, 2019.
             Killed by nerve-wracking pain
             ... invoked by a shadow imp
              (8 damage)
             ... on level 5 of the Dungeon.
             The game lasted 00:03:27 (692 turns).

MrRokkomies the Sneak (Spriggan Enchanter)           Turns: 692, Time: 00:03:28

Health: -6/16      AC:  3    Str:  4    XL:     3   Next: 71%
Magic:  8/8        EV: 18    Int: 17    God:
Gold:   42         SH:  0    Dex: 16    Spells: 4/7 levels left

rFire    . . .     SeeInvis +   a - +1 dagger
rCold    . . .     Gourm    .   (shield restricted)
rNeg     . . .     Faith    .   b - +1 robe
rPois    .         Spirit   .   (helmet restricted)
rElec    .         Reflect  .   (no cloak)
rCorr    .         Harm     .   (gloves unavailable)
MR       .....                  (boots unavailable)
Stlth    +++.......             (no amulet)
HPRegen  0.05/turn              (no ring)
MPRegen  0.11/turn              (no ring)

@: very quick
A: very small, unfitting armour, see invisible, herbivore, speed 3, slow
metabolism 2
a: no special abilities


You were on level 5 of the Dungeon.
You were not hungry.

You visited 1 branch of the dungeon, and saw 6 of its levels.

You collected 42 gold pieces.

Inventory:

Hand Weapons
 a - a +1 dagger (weapon)
Missiles
 f - 15 poisoned needles
Armour
 b - a +1 robe (worn)
Scrolls
 c - 2 scrolls of identify
 e - 4 scrolls of remove curse
Potions
 h - 2 potions of lignification
Comestibles
 d - 4 rations


   Skills:
 - Level 1.1 Short Blades
 - Level 3.0 Dodging
 * Level 6.0 Stealth
 - Level 2.6 Spellcasting
 * Level 4.8 Hexes


You had 4 spell levels left.
You knew the following spells:

 Your Spells              Type           Power        Failure   Level  Hunger
a - Corona                Hex            ###....      2%          1    #......
b - Ensorcelled Hibernat  Hex/Ice        ##....       11%         2    ##.....

Your spell library contained the following spells:

 Spells                   Type           Power        Failure   Level  Hunger
 Confuse                  Hex            ###.....     8%          3    ###....
 Tukima's Dance           Hex            ###.....     8%          3    ###....
 Dazzling Spray           Conj/Hex       ##....       21%         3    ###....


Dungeon Overview and Level Annotations

Branches:
Dungeon (6/15)
 Temple: D:4-7

Altars:


Innate Abilities, Weirdness & Mutations

You are very small and have problems with some larger weapons.
You are too small for most types of armour.
You have supernaturally acute eyesight. (SInv)
You are a herbivore.
You cover ground extremely quickly.
You need to consume almost no food.


Message History

The shadow imp hits you.
* * * LOW HITPOINT WARNING * * *
You hit the shadow imp.
The shadow imp is heavily wounded.
The shadow imp misses you.
As you read the scroll labeled EWEREAHIAN, it crumbles to dust.
It is a scroll of identify.
h - 2 potions of lignification The shadow imp misses you.
As you read the scroll labeled COECKIF RIAXE, it crumbles to dust.
You feel blessed for a moment.
It was a scroll of remove curse.
The shadow imp misses you.
As you read the scroll labeled VAIFAS NIO, it crumbles to dust.
It is a scroll of enchant armour.
Your +0 robe glows green for a moment.
The shadow imp completely misses you.
Found a stone staircase leading down.
The shadow imp gestures at you. Pain shoots through your body!
Ouch! That really hurt!
You die...

#.#..##.#####.#
....###.......#
#.#..##.#####.#
........# #.# .###..###
##.## ......#
##...######.##
####..#####.............
#..........5..####
##.#####....)@# #.#
##...#.# #.# ##.##.# #.#
#.##.# #.# #..#.# #.#
...#.# #.# #..#># #.#


You could see a shadow imp.

Vanquished Creatures
  A scorpion (D:5)
  2 orcs
  A bat (D:1)
  A goblin (D:1)
  A hobgoblin (D:1)
  A kobold (D:1)
  A rat (D:1)
8 creatures vanquished.

Notes
Turn   | Place    | Note
-------+----------+-------------------------------------------
     0 | D:1      | MrRokkomies the Spriggan Enchanter began the quest for the
                  | Orb.
     0 | D:1      | Reached XP level 1. HP: 9/9 MP: 5/5
   448 | D:3      | Reached XP level 2. HP: 13/13 MP: 6/6
   582 | D:5      | Entered Level 5 of the Dungeon
   610 | D:6      | Reached skill level 5 in Stealth
   616 | D:5      | Learned a level 2 spell: Ensorcelled Hibernation
   644 | D:5      | Noticed a scorpion
   646 | D:5      | Killed a scorpion
   646 | D:5      | Reached skill level 6 in Stealth
   646 | D:5      | Reached XP level 3. HP: 15/16 MP: 5/8
   692 | D:5      | Killed from afar by a shadow imp

Levels and vault maps discovered:
D:1:      eino_arrival_water_cross, layout_basic
D:2:      layout_basic
D:3:      layout_basic, nicolae_dithmenos_shadow_blocks, first_ration
D:4:      layout_layer_cave, minmay_temple_entry_crystal_x,
          gammafunk_ghost_arena
D:5:      layout_loops_ring, ebering_ghost_reflecting_pool, serial_glass,
          glass_columns_a, glass_columns_a, glass_columns_a, glass_columns_a,
          kennysheep_generic_room_15
D:6:      lemuel_ice_spiral_2, layout_basic, basic_altar, lightli_corner_chamber

Skill      XL: |  1  2 |
---------------+-------+-----
Hexes          | 4 |  4.8
Stealth        | 6 |  6.0
Short Blades   | |  1.1
Dodging        | |  3.0
Spellcasting   | |  2.6

Action                   || total
-------------------------++-------
Melee: Dagger            ||    34
 Cast: Ensorcelled Hiber ||     1
  Use: Scroll            ||     3
 Stab: Sleeping          ||     5
Armor: Robe              ||     8
Dodge: Dodged            ||    48

Table legend:
 A = Non-vault XP
 B = Vault XP
 C = Vault XP percentage of total XP
 D = Non-vault monster count
 E = Vault monster count
 F = Vault count percentage of total count
                 A         B        C        D         E       F
            +---------+---------+-------+---------+---------+-------
      Total |      81 |       0 |   0.0 |       8 |       0 |   0.0
            +---------+---------+-------+---------+---------+-------
        D:1 |       9 |       0 |   0.0 |       5 |       0 |   0.0
        D:3 |       3 |       0 |   0.0 |       1 |       0 |   0.0
        D:5 |      66 |       0 |   0.0 |       1 |       0 |   0.0
        D:6 |       3 |       0 |   0.0 |       1 |       0 |   0.0
            +---------+---------+-------+---------+---------+-------
